cohdb
Replays
Latest Replays
All Replays
Popular Replays
Top Player Replays
Match Explorer
How It Works
Community
CoH3 Stats
Reddit
Sign in to upload your games and track your stats! →
Sign in with Steam
Match 37983607
Unlisted
Match 37983607
Overview
Messages
Build Orders
End
Construct Weapon Support Center
Engineer Squad
M1919 Machine Gun Team
Selects Advanced Infantry Battlegroup
Bazooka Squad
.30 cal Machine Gun
Mechanized Support Center
M16 Multiple Gun Motor Carriage
Bazooka Squad
Improved M9 Bazooka Rockets
.30 cal Machine Gun
Selects Convert to Ranger Squad
Construct Barracks
Ranger Squad
M1918 Browning Automatic Rifles
Selects Frontline Medical Station
Frontline Medical Station
Ranger Squad
Selects Ammunition Storage
Bazooka Squad
Selects M2A1 105mm Howitzer Emplacement
Selects 155mm Rapid Artillery Barrage
Ranger Squad
tombieniek1979
SneaKerz
gb_gbg
Oberstleutnant Stieglitz
[LLJK]Chainsaw
Pumares
0
0
Comments
sign in to comment!
No comments posted yet!